 Dungeon Crawl Stone Soup version 0.31-a0-618-g7ca08c1ff9 (webtiles) character file.

Game seed: 14287171634352276843

570345 rddays123 the Slayer (level 25, 0/160 (253) HPs)
             Began as a Minotaur Fighter on Aug 22, 2023.
             Was an Elder of Okawaru.
             Succumbed to a yellow draconian annihilator's poison arrow
             ... on level 4 of the Depths.
             The game lasted 05:11:22 (78628 turns).

rddays123 the Slayer (Minotaur Fighter)            Turns: 78628, Time: 05:11:22

HP:   0/160 (253)   AC: 33    Str: 24 (29) XL:     25   Next: 62%
MP:   11/11         EV: 10    Int:  4 (6)  God:    Okawaru [****..]
Gold: 6285          SH: 29    Dex:  5 (11) Spells: 24/24 levels left

rFire   + + +        T - +7 broad axe of Fortitude {antimagic, Int+2}
rCold   + . .        F - +10 tower shield of Ignorance {rN+ Int-4}
rNeg    + . .        X - +6 plate armour {Will+}
rPois   +            t - +2 hat {Stlth+}
rElec   .            h - +2 cloak
rCorr   .            N - +1 pair of gloves of Cowardice {rF++ Int+3 Slay-3}
SInv    +            U - +2 pair of boots {Fly}
Will    +++..        W - amulet of Plog {+Inv rF+ Will+ Regen+ Dex-3 Stlth+}
Stlth   +            x - ring of protection from cold
HPRegen 1.26/turn    w - ring of Cowardice {+Blink rPois Slay+2 SInv}
MPRegen 0.12/turn

%: no passive effects
@: lethally poisoned (0 -> -13), about to teleport, corroded, flying, very
heavily drained
A: horns 2, retaliatory headbutt
}: 3/15 runes: decaying, silver, gossamer
a: Renounce Religion, Evoke Blink, Evoke Invisibility, Heroism, Finesse


You were on level 4 of the Depths.
You worshipped Okawaru.
Okawaru was greatly pleased with you.
You visited 14 branches of the dungeon, and saw 54 of its levels.
You visited the Abyss 2 times.
You also visited: Ice Cave.

You collected 8240 gold pieces.
You spent 1955 gold pieces at shops.

Inventory:

Hand Weapons
 a - the +3 broad axe "Kubaibye" {flame, Int+4 SInv}
   (Okawaru gifted it to you on level 1 of the Vaults)

   Int+4:     It affects your intelligence (+4).
   SInv:      It lets you see invisible.
 l - the +9 whip of Moerphose {speed, Fly Str+3}
   (You found it on level 13 of the Dungeon)

   Str+3:     It affects your strength (+3).
   Fly:       It grants you flight.
 H - a +0 vampiric broad axe
 K - a +1 trishula of holy wrath
 T - the +7 broad axe of Fortitude (weapon) {antimagic, Int+2}
   (Okawaru gifted it to you on level 5 of the Lair of Beasts)

   Int+2:     It affects your intelligence (+2).
Missiles
 c - 7 throwing nets
Armour
 h - a +2 cloak (worn)
 m - the +1 plate armour of the Grey Skies {rElec Stlth+}
   (You found it on level 3 of the Elven Halls)

   rElec:     It insulates you from electricity.
   Stlth+:    It makes you more stealthy.
 t - a +2 hat of stealth (worn)
 C - the +0 pair of boots "Pafovaoq" {rElec Will+ Str+7 Dex-4}
   (Okawaru gifted it to you on level 2 of the Swamp)

   Str+7:     It affects your strength (+7).
   Dex-4:     It affects your dexterity (-4).
   rElec:     It insulates you from electricity.
   Will+:     It increases your willpower.
 F - the +10 tower shield of Ignorance (worn) {rN+ Int-4}
   (Okawaru gifted it to you on level 13 of the Dungeon)

   Int-4:     It affects your intelligence (-4).
   rN+:       It protects you from negative energy.
 N - the +1 pair of gloves of Cowardice (worn) {rF++ Int+3 Slay-3}
   (Okawaru gifted it to you on level 2 of the Lair of Beasts)

   Int+3:     It affects your intelligence (+3).
   Slay-3:    It affects your accuracy & damage with ranged weapons and melee
   (-3).
   rF++:      It greatly protects you from fire.
 U - a +2 pair of boots of flying (worn)
 X - a +6 plate armour of willpower (worn)
 Z - the +5 kite shield of Amorality {rC+ Will+ Regen+}
   (Okawaru gifted it to you on level 3 of the Spider Nest)

   rC+:       It protects you from cold.
   Will+:     It increases your willpower.
   Regen+:    It increases your rate of health regeneration.
Jewellery
 g - a ring of positive energy
 v - the ring of Suopioxt {Will+ rCorr Str+2}
   (You took it off a deep elf master archer on level 3 of the Elven Halls)

   [ring of resist corrosion]

   Str+2:     It affects your strength (+2).
   Will+:     It increases your willpower.
   rCorr:     It protects you from acid and corrosion.
 w - the ring of Cowardice (right hand) {+Blink rPois Slay+2 SInv}
   (You found it on level 13 of the Dungeon)

   [ring of poison resistance]

   Slay+2:    It affects your accuracy & damage with ranged weapons and melee
   (+2).
   rPois:     It protects you from poison SInv: It lets you see invisible.
   +Blink:    It lets you blink.
 x - a ring of protection from cold (left hand)
 y - the ring of the Gloaming {rF+ Str+6 Int+3 Slay+3 Stlth+}
   (You found it on level 5 of the Vaults)

   [ring of strength]

   Str+6:     It affects your strength (+6).
   Int+3:     It affects your intelligence (+3).
   Slay+3:    It affects your accuracy & damage with ranged weapons and melee
   (+3).
   rF+:       It protects you from fire.
   Stlth+:    It makes you more stealthy.
 O - a ring of resist corrosion
 P - a +6 ring of intelligence
 R - a +4 ring of protection
 W - the amulet of Plog (around neck) {+Inv rF+ Will+ Regen+ Dex-3 Stlth+}
   (You acquired it on level 1 of the Elven Halls)

   [amulet of regeneration]

   Dex-3:     It affects your dexterity (-3).
   rF+:       It protects you from fire.
   Will+:     It increases your willpower.
   +Inv:      It lets you turn invisible.
   Regen+:    It increases your rate of health regeneration.
   Stlth+:    It makes you more stealthy.
Wands
 b - a wand of flame (168)
 d - a wand of mindburst (31)
 p - a wand of acid (57)
 z - a wand of polymorph (31)
 A - a wand of iceblast (69)
 D - a wand of paralysis (83)
 J - a wand of digging (21)
Scrolls
 f - 5 scrolls of teleportation
 j - a scroll of enchant armour
 k - 8 scrolls of fear
 n - 5 scrolls of silence
 q - 5 scrolls of fog
 s - 3 scrolls of revelation
 M - 3 scrolls of immolation
 Q - 5 scrolls of enchant weapon
 V - 8 scrolls of amnesia
Potions
 e - 5 potions of enlightenment
 i - 2 potions of haste
 o - 2 potions of invisibility
 u - 5 potions of cancellation
 B - 5 potions of resistance
 E - 7 potions of brilliance
 G - 3 potions of berserk rage
 I - 7 potions of might
 L - 14 potions of curing
 S - 2 potions of mutation
 Y - 4 potions of magic


   Skills:
 - Level 25.8 Fighting
 - Level 24.9(25.2) Axes
 - Level 8.0(18.1) Maces & Flails
 - Level 20.0 Armour
 - Level 20.6 Dodging
 - Level 7.9 Stealth
 - Level 20.0 Shields
 - Level 18.6 Invocations
 + Level 11.2 Evocations


You had 24 spell levels left.
You didn't know any spells.
Your spell library contained the following spells:

 Spells                   Type           Power      Damage    Failure   Level
 Freeze                   Ice            0%         1d3       99%         1
 Magic Dart               Conj           0%         1d3       99%         1
 Blink                    Tloc           0%         N/A       100%        2
 Lesser Beckoning         Tloc           0%         N/A       100%        2
 Sublimation of Blood     Necr           0%         N/A       100%        2
 Wereblood                Tmut           0%         N/A       100%        2
 Dazzling Flash           Conj/Hex       0%         N/A       100%        3
 Frozen Ramparts          Ice            0%         1d1       100%        3
 Gell's Gravitas          Tloc           0%         N/A       100%        3
 Hailstorm                Conj/Ice       0%         3d3       100%        3
 Ignite Poison            Fire/Tmut/Pois 0%         N/A       100%        3
 Inner Flame              Hex/Fire       0%         N/A       100%        3
 Mephitic Cloud           Conj/Pois/Air  0%         N/A       100%        3
 Portal Projectile        Hex/Tloc       0%         N/A       100%        3
 Teleport Other           Tloc           0%         N/A       100%        3
 Vhi's Electric Charge    Tloc/Air       0%         N/A       100%        3
 Volatile Blastmotes      Fire/Tloc      0%         2d10      100%        3
 Anguish                  Hex/Necr       0%         N/A       100%        4
 Cause Fear               Hex            0%         N/A       100%        4
 Flame Wave               Conj/Fire      0%         2d4       100%        4
 Fulminant Prism          Conj/Hex       0%         3d5       100%        4
 Iskenderun's Mystic Bla  Conj/Tloc      0%         2d3       100%        4
 Leda's Liquefaction      Hex/Erth       0%         N/A       100%        4
 Manifold Assault         Tloc           0%         N/A       100%        4
 Sticky Flame             Conj/Fire      0%         2d3       100%        4
 Agony                    Necr           0%         N/A       100%        5
 Arcjolt                  Conj/Air       0%         1d10      100%        5
 Fireball                 Conj/Fire      0%         3d3       100%        5
 Irradiate                Conj/Tmut      0%         3d11      100%        5
 Silence                  Hex/Air        0%         N/A       100%        5
 Dispersal                Tloc           0%         N/A       100%        6
 Starburst                Conj/Fire      0%         6d3       100%        6
 Enfeeble                 Hex            0%         N/A       100%        7
 Borgnjor's Revivificati  Necr           0%         N/A       100%        8
 Ignition                 Fire           0%         3d3       100%        8
 Maxwell's Capacitive Co  Air            0%         ∞         100%        8
 Call Imp                 Summ           Unusable   N/A       N/A         2
 Call Canine Familiar     Summ           Unusable   N/A       N/A         3
 Dragon's Call            Summ           Unusable   N/A       N/A         9

Dungeon Overview and Level Annotations

Branches:
Dungeon (15/15)            Temple (1/1) D:4            Lair (5/5) D:10
  Swamp (4/4) Lair:3       Spider (4/4) Lair:2        Slime (1/5) Lair:4
    Orc (2/2) D:11            Elf (3/3) Orc:2        Vaults (5/5) D:13
  Crypt (3/3) Vaults:3       Tomb (0/3) Crypt:3      Depths (4/4) D:15
   Hell (visited)             Dis (0/7) Hell            Geh (5/7) Hell
    Coc (0/7) Hell            Tar (0/7) Hell            Zot (1/5) Depths:4
  IceCv (visited)

Altars:
Ashenzari
Cheibriados
Dithmenos
Elyvilon
Fedhas
Gozag
Hepliaklqana
Kikubaaqudgha
Makhleb
Nemelex Xobeh
Okawaru
Qazlal
Ru
Sif Muna
Trog
Uskayaw
Vehumet
Wu Jian
Xom
Yredelemnul
Zin
The Shining One

Shops:
D:8 *   D:11 [   Orc:1 ?   Orc:2 (:(*   Elf:1 *:!=   Elf:3 !   Vaults:3 *(
Vaults:4 [

Portals:
Hell: Depths:1 Depths:2 Depths:3 Depths:4
Abyss: Depths:2 Depths:3
Pandemonium: Depths:2 Depths:4
Ziggurat: Depths:1

Annotations:
D:3 Sigmund
D:7 3 runed translucent doors, SirDiesAlot's ghost, novice OpSu
Hell exclusion: ice statue


Innate Abilities, Weirdness & Mutations

You have a pair of horns on your head.
You reflexively headbutt those who attack you in melee.


Message History

The yellow draconian annihilator mumbles some strange words.
The yellow draconian annihilator blinks!
The yellow draconian annihilator mumbles some strange words.
The yellow draconian annihilator blinks!
The yellow draconian annihilator spits acid at you.
The glob of acid hits you! The acid corrodes you!
The yellow draconian annihilator gestures at you while chanting.
The poison arrow hits you.
You are poisoned.
You partially resist.
You are too injured to fight recklessly!
You are too injured to fight recklessly!
You feel very sick.
You barely miss the yellow draconian annihilator.
Your headbutt misses the yellow draconian annihilator.
The yellow draconian annihilator is lightly wounded.
You feel sick.
The yellow draconian annihilator gestures at you while chanting.
The poison arrow hits you.
You are more poisoned.
You partially resist.
You hit the yellow draconian annihilator but do no damage.
The yellow draconian annihilator is lightly wounded.
You feel very sick.
The yellow draconian annihilator gestures wildly while chanting.
The yellow draconian annihilator blinks!
You feel very sick.
The yellow draconian annihilator points at you and mumbles some strange words.
The crystal spear hits you!!
* * * LOW HITPOINT WARNING * * *
You hear a roar!
As you read the scroll of teleportation, it crumbles to dust.
You feel strangely unstable.
You feel very sick.
The yellow draconian annihilator gestures at you while chanting.
The poison arrow hits you!
You are more poisoned.
You partially resist.
* * * LOW HITPOINT WARNING * * *
You die...

......############.########## #..
......###...................###..
####..#####.....8...8.....#####..
#..#.#q#...............#q#.##.
#..#.###...8.......8...###.##.
#..#.......................##.
####..#.....8...........8.....##.
......#.......................##.
......#...8.....@.........8...#..
....###........##§..##........#..
#...# #.8......#.....#......8.#..
..#.###........q..)...........#..
..#...............∩).............
.#...##...........)...........#..
.#....#.8......#.....#......8.#..
#.....#........##...##........#..
#.....#...8...............8...#..


You could see a white draconian stormcaller (wandering).

Vanquished Creatures
  A dread lich (Vaults:5)
  An ancient lich (Vaults:4)
  Mennas (Vaults:4)
  Josephina (Crypt:1)
  the Lernaean hydra (Swamp:4)
  Saint Roka (Vaults:2)
  Xtahua (Crypt:3)
  4 golden dragons
  Nikola (Swamp:3)
  Geryon (Hell)
  Norris (Vaults:1)
  A profane servitor (Crypt:3)
  2 bone dragons
  3 Brimstone Fiends
  2 hellephants
  Zenata (Elf:1)
  4 tentacled monstrosities
  Jorgrun (Spider:1)
  Mlioglotl (Spider:1)
  A shard shrike skeleton (Crypt:2)
  4 quicksilver dragons
  7 liches
  The ghost of Palms the Warrior, an adept DjCj of Gozag (Swamp:1)
  5 searing wretches
  2 deep elf blademasters (Elf:3)
  5 sphinxes
  9 titans
  A walking frostbound tome (Depths:3)
  2 deep elf master archers (Elf:3)
  2 walking divine tomes (Depths:2)
  Murray (Depths:1)
  6 ancient champions
  Kirke (Lair:3)
  A shadow dragon (shapeshifter) (Vaults:5)
  4 shadow dragons
  A thorn hunter (Swamp:2)
  5 tengu reavers
  A fenstrider witch (Swamp:1)
  2 revenants
  9 frost giants
  Roxanne (Swamp:4)
  11 fire giants
  6 storm dragons
  10 balrugs
  Louise (Elf:2)
  4 iron dragons
  The ghost of abessonov the Imperceptible, an adept SpHu of Fedhas (Swamp:3)
  A draconian scorcher (Abyss:4)
  16 vault wardens
  4 emperor scorpions
  11 deep elf sorcerers
  2 orc warlords
  A ghost moth (Spider:4)
  4 curse skulls
  A draconian shifter (Depths:4)
  A ghoul (Crypt:3)
  4 formless jellyfish
  8 broodmothers
  2 cacodemons (Depths:1)
  3 war gargoyles
  15 stone giants
  8 reapers
  8 vampire knights
  17 very ugly things
  6 deep elf demonologists
  7 ironbound thunderhulks
  5 eleionomae
  16 ironbound preservers
  3 deep elf annihilators (Elf:3)
  A green draconian (Depths:4)
  The ghost of Yvvueqof the Covert, a journeyman FeEn of Dithmenos (Spider:4)
  A black draconian (Depths:4)
  3 lorocyprocas
  A purple draconian (Zot:1)
  5 dire elephants
  2 white draconians
  2 red draconians (Depths:4)
  2 yellow draconians (Depths:4)
  8 bunyips
  A merfolk javelineer (Depths:2)
  An iron golem (Hell)
  A green death (Depths:1)
  3 eidola
  6 fire dragons
  2 blizzard demons
  17 deep elf death magi
  A crystal guardian (Vaults:4)
  10 ettins
  9 entropy weavers
  6 deep elf high priests
  27 yaktaur captains
  14 jiangshi
  3 peacekeepers
  2 rakshasas
  29 hydras
  27 vault guards
  3 alligators
  Harold (Lair:2)
  2 hell beasts (Depths:3)
  4 salamander tyrants
  Erolcha (D:13)
  3 great orbs of eyes
  8 ice dragons
  5 stokers
  3 spriggan air magi
  2 radroaches
  A catoblepas (Lair:4)
  2 ogre magi
  8 boulder beetles
  8 deep troll shamans
  A ghost crab (Swamp:4)
  5 two-headed ogres
  6 death knights
  Erica (D:10)
  8 demonic crawlers
  22 centaur warriors
  2 jorogumos (Spider:3)
  A sphinx skeleton (Crypt:1)
  19 ironbound frosthearts
  A two-headed ogre (shapeshifter) (Depths:3)
  27 dancing weapons
  36 hell hogs
  7 tengu warriors
  An azure jelly zombie (Crypt:2)
  3 thrashing horrors (Abyss:4)
  5 death yaks
  5 orc high priests (Orc:2)
  3 vampire magi
  20 deep elf knights
  5 deep troll earth magi
  4 spriggan berserkers
  2 skysharks (shapeshifter)
  6 soul eaters
  16 hell knights
  4 shadow wraiths
  Nergalle (D:11)
  6 iron trolls
  6 skysharks
  A wretched star (Abyss:4)
  11 sun demons
  A salamander mystic (Depths:2)
  7 pharaoh ants
  3 sixfirhies (Depths:1)
  A sea snake (shapeshifter) (Elf:1)
  A sun moth (Spider:1)
  7 goliath frogs
  17 deep elf archers
  6 flayed ghosts
  7 spriggan druids
  31 skeletal warriors
  8 lindwurms (Vaults:1)
  57 deep trolls
  3 glowing orange brains
  13 swamp dragons
  10 orb spiders
  An orange crystal statue (IceCv)
  A tengu zombie (Vaults:2)
  12 bog bodies
  12 wizards
  21 ironbound convokers
  27 deep elf pyromancers
  10 orc knights
  An anaconda skeleton (Hell)
  3 alligator zombies (Hell)
  8 phantasmal warriors
  22 deep elf zephyrmancers
  4 will-o-the-wisps
  5 steelbarb worms
  17 necromancers
  24 wolf spiders
  A shadow dragon zombie (Crypt:2)
  47 ugly things
  A mana viper (shapeshifter) (Elf:2)
  An oklob plant (Lair:4)
  7 cyclopes
  3 manticores (D:13)
  3 salamanders (Depths:2)
  A frost giant skeleton (Vaults:3)
  A salamander (shapeshifter) (D:15)
  An alligator skeleton (Hell)
  15 elephants
  A stone giant skeleton (Crypt:1)
  3 black mambas
  A wolf spider (shapeshifter) (Vaults:4)
  Joseph (D:7)
  2 large abominations
  Maurice (D:10)
  6 moths of wrath
  A titan simulacrum (Crypt:1)
  7 torpor snails
  A fire giant skeleton (Vaults:2)
  A gargoyle (D:10)
  A storm dragon simulacrum (Crypt:1)
  2 smoke demons (Hell)
  6 rust devils
  24 vault sentinels
  12 cane toads
  2 orange demons
  7 human skeletons
  6 human zombies
  An unseen horror (D:10)
  18 rime drakes
  37 yaktaurs
  2 hellions
  2 efreet (D:13)
  6 freezing wraiths
  8 komodo dragons
  Jeremiah (D:6)
  7 ice devils
  2 sea snake zombies (Hell)
  2 kobold demonologists
  2 elf skeletons (Vaults:3)
  A sea snake skeleton (Hell)
  7 tengu conjurers
  A hydra zombie (Hell)
  A queen bee (Lair:2)
  29 polar bears
  2 red devils
  A hellwing (Depths:2)
  3 trolls
  A golden dragon simulacrum (Vaults:2)
  A wolf spider simulacrum (D:15)
  5 tyrant leeches
  A harpy skeleton (Crypt:3)
  Prince Ribbit (D:8)
  A tarantella (shapeshifter) (Elf:3)
  7 hornets
  38 tarantellas
  12 blink frogs
  4 raiju (Lair:5)
  A great orb of eyes zombie (Crypt:1)
  An ettin zombie (Vaults:2)
  5 dream sheep
  41 jumping spiders
  A dream sheep (shapeshifter) (Depths:2)
  An ettin skeleton (Vaults:3)
  31 slime creatures
  49 flying skulls (Crypt:3)
  A centaur simulacrum (D:13)
  6 shadows
  19 culicivoras
  A spriggan (shapeshifter) (Vaults:4)
  6 air elementals
  17 spriggans
  11 water elementals
  Eustachio (D:5)
  A deep troll skeleton (Vaults:2)
  6 wyverns
  3 humans (Lair:3)
  2 fire bats (Lair:3)
  3 starcursed masses (Abyss:4)
  51 yaks
  8 wraiths
  2 hogs (Lair:3)
  A sea snake simulacrum (Hell)
  5 steam dragons
  2 chaos spawn (Depths:2)
  8 fire elementals
  5 basilisks
  56 redbacks
  4 vampire mosquitoes (Swamp:3)
  13 swamp worms
  A glowing shapeshifter zombie (Vaults:2)
  Edmund (D:5)
  6 acid dragons
  8 wargs
  21 hell hounds
  11 water moccasins
  An ogre skeleton (Vaults:3)
  A glowing shapeshifter skeleton (Vaults:3)
  A demonspawn skeleton (Crypt:2)
  3 sky beasts
  35 orc warriors
  3 ice beasts
  16 black bears
  4 ogres
  10 swamp drakes
  19 wolves
  4 small abominations
  3 centaurs
  4 boggarts (Vaults:1)
  4 phantoms
  4 kobold brigands
  2 elf zombies (Elf:1)
  4 necrophages (Crypt:3)
  A naga simulacrum (Crypt:3)
  11 bullfrogs
  2 scorpions
  3 earth elementals
  2 gnoll sergeants (D:8)
  27 killer bees
  2 polar bear zombies (Crypt:1)
  A killer bee (shapeshifter) (Depths:2)
  8 electric eels
  6 howler monkeys
  A crimson imp (Orc:1)
  5 hounds
  A jelly (D:8)
  29 orc priests
  An iron imp (Orc:1)
  2 sleepcaps (D:7)
  17 orc wizards
  7 hell rats (Depths:1)
  10 iguanas
  Natasha (twice) (D:3)
  5 mummies (Crypt:1)
  A howler monkey skeleton (Crypt:1)
  9 gnolls
  11 adders
  A steam dragon skeleton (Crypt:1)
  3 shadow imps
  6 white imps
  2 worms (D:4)
  2 dart slugs
  71 orcs
  4 bats
  A bat skeleton (Crypt:2)
  6 endoplasms
  4 giant cockroaches
  2 goblins
  14 hobgoblins
  19 kobolds
  6 quokkas
  7 ball pythons
  A frilled lizard (D:1)
  A frilled lizard skeleton (Crypt:1)
  A goblin skeleton (Crypt:1)
  2 jackal skeletons
  6 rats
  A river rat skeleton (Crypt:2)
  2 creeping infernos (Geh:2)
  5 fire vortices
  A spectral weapon (Swamp:3)
2317 creatures vanquished.

Vanquished Creatures (others)
  A stoker (Geh:4)
  A demonic crawler (Spider:1)
  A deep elf knight (Elf:2)
  2 spriggan simulacra (Crypt:1)
  A deep elf zephyrmancer (Elf:2)
  A moth of wrath (shapeshifter) (Elf:1)
  A hellion (Geh:1)
  A water elemental (Elf:2)
  An orc wizard (Vaults:2)
  2 hell rats (Hell)
  An orc (D:6)
  3 creeping infernos
  2 fire vortices
  20 foxfires
  2 lurking horrors (Abyss:4)
  5 starspawn tentacles (Abyss:4)
45 creatures vanquished.

Grand Total: 2362 creatures vanquished

Notes
Turn   | Place    | Note
-------+----------+-------------------------------------------
     0 | D:1      | rddays123 the Minotaur Fighter began the quest for the Orb.
     0 | D:1      | Reached XP level 1. HP: 19/19 MP: 0/0
   166 | D:1      | Upgraded the game from 0.31-a0-609-g7bf6ffcfed to
                  | 0.31-a0-618-g7ca08c1ff9
   167 | D:1      | Reached XP level 2. HP: 21/27 MP: 1/1
   315 | D:1      | Reached skill level 4 in Fighting
   429 | D:1      | Reached XP level 3. HP: 33/33 MP: 2/2
  1461 | D:3      | Reached XP level 4. HP: 23/40 MP: 3/3
  1548 | D:3      | Found a faded altar of an unknown god.
  1565 | D:3      | Noticed Sigmund
  1672 | D:3      | Reached skill level 5 in Axes
  2375 | D:4      | Found a staircase to the Ecumenical Temple.
  2415 | Temple   | Entered the Ecumenical Temple
  2464 | Temple   | Became a worshipper of Warmaster Okawaru
  2628 | D:4      | Reached XP level 5. HP: 46/46 MP: 4/4
  2727 | D:4      | Found a shadowy altar of Dithmenos.
  2961 | D:4      | Found a glowing golden altar of the Shining One.
  2968 | D:4      | Noticed a phantom
  2974 | D:4      | Killed a phantom
  3252 | D:5      | Entered Level 5 of the Dungeon
  3252 | D:5      | Noticed a phantom
  3252 | D:5      | Noticed a black bear
  3265 | D:4      | Reached XP level 6. HP: 38/52 MP: 5/5
  3337 | D:5      | Reached * piety under Okawaru
  3477 | D:5      | Identified the +3 ring mail "Vukash" {*Slow rElec Will+++
                  | Str+3}
  3674 | D:5      | Reached XP level 7. HP: 59/59 MP: 6/6
  3688 | D:5      | Noticed Edmund
  3703 | D:5      | Killed Edmund
  3703 | D:5      | Reached ** piety under Okawaru
  3864 | D:5      | Noticed Eustachio
  3915 | D:6      | Noticed Jeremiah
  4155 | D:3      | Noticed Natasha
  4157 | D:3      | Killed Natasha
  4158 | D:3      | Reached skill level 5 in Fighting
  5002 | D:5      | Reached skill level 10 in Axes
  5148 | D:5      | Killed Eustachio
  5149 | D:5      | Reached skill level 6 in Fighting
  5149 | D:5      | Reached XP level 8. HP: 64/70 MP: 4/7
  5463 | D:6      | Killed Jeremiah
  5464 | D:6      | Reached skill level 7 in Fighting
  5620 | D:6      | Reached skill level 8 in Fighting
  5620 | D:6      | Found a broken altar of Ashenzari.
  5647 | D:6      | Reached *** piety under Okawaru
  5940 | D:6      | Reached XP level 9. HP: 82/82 MP: 8/8
  6123 | D:6      | Reached skill level 9 in Fighting
  6407 | D:7      | Reached skill level 1 in Evocations
  6435 | D:7      | Noticed Joseph
  6551 | D:7      | Killed Joseph
  6551 | D:7      | Reached **** piety under Okawaru
  6670 | D:7      | Reached skill level 10 in Fighting
  6854 | D:7      | Found a runed translucent gate.
  6854 | D:7      | Found a runed translucent gate.
  6854 | D:7      | Found a runed translucent gate.
  7054 | D:7      | Reached skill level 1 in Dodging
  7558 | D:7      | Noticed SirDiesAlot's ghost (novice OpSu)
  7849 | D:8      | Reached skill level 1 in Invocations
  7850 | D:8      | Reached XP level 10. HP: 66/94 MP: 9/9
  7863 | D:8      | Reached skill level 5 in Armour
  8879 | D:3      | Noticed Natasha
  8884 | D:3      | Killed Natasha
  9120 | D:8      | Found an ancient bone altar of Kikubaaqudgha.
  9284 | D:8      | Noticed Prince Ribbit
  9300 | D:8      | Killed Prince Ribbit
  9358 | D:8      | Found Tudwiov's Tempting Trifles.
  9364 | D:8      | Bought a +0 tower shield for 49 gold pieces
  9482 | D:8      | Found a bloodstained altar of Trog.
  9637 | D:9      | Found a burning altar of Makhleb.
  9672 | D:9      | Reached ***** piety under Okawaru
 10030 | D:9      | Reached skill level 5 in Shields
 10310 | D:9      | Found a shimmering altar of Xom.
 10663 | D:10     | Entered Level 10 of the Dungeon
 10663 | D:10     | Found a staircase to the Lair.
 10790 | D:10     | Noticed Erica
 10806 | D:10     | Killed Erica
 10807 | D:10     | Reached XP level 11. HP: 85/101 MP: 3/11
 10916 | D:10     | Noticed Maurice
 10938 | D:10     | Killed Maurice
 11211 | D:10     | Identified the +1 hat of Okawaru's Envy {Rampage Str-2
                  | Dex+9 SInv} (Okawaru gifted it to you on level 10 of the
                  | Dungeon)
 11211 | D:10     | Received a gift from Okawaru
 11511 | D:11     | Found Pupsut's Antique Armour Shop.
 11565 | D:11     | Noticed a two-headed ogre
 11576 | D:11     | Killed a two-headed ogre
 11577 | D:11     | Reached skill level 10 in Shields
 11717 | D:11     | Found a staircase to the Orcish Mines.
 11743 | D:11     | Noticed Nergalle
 11756 | D:11     | Killed Nergalle
 11902 | D:11     | Noticed a centaur warrior
 11909 | D:11     | Killed a centaur warrior
 11910 | D:11     | Reached skill level 15 in Axes
 12607 | D:12     | Noticed a deep elf pyromancer
 12620 | D:12     | Killed a deep elf pyromancer
 12906 | D:12     | Noticed a brown ugly thing
 12916 | D:12     | Killed a brown ugly thing
 12989 | D:12     | Reached skill level 11 in Fighting
 13202 | D:13     | Noticed Erolcha
 13211 | D:13     | Killed Erolcha
 13352 | D:13     | Noticed a deep elf pyromancer
 13361 | D:13     | Killed a deep elf pyromancer
 13386 | D:13     | Reached XP level 12. HP: 99/110 MP: 14/14
 13404 | D:13     | Received a gift from Okawaru
 13404 | D:13     | Found the +10 tower shield of Ignorance {rN+ Int-4}
 13407 | D:13     | Noticed a deep troll earth mage
 13432 | D:13     | Killed a deep troll earth mage
 13494 | D:13     | Noticed a centaur warrior
 13507 | D:13     | Killed a centaur warrior
 13792 | D:13     | Reached skill level 5 in Invocations
 13906 | D:13     | Identified the +9 whip of Moerphose {speed, Fly Str+3}
 13958 | D:13     | Reached skill level 12 in Fighting
 14129 | D:13     | Noticed a two-headed ogre
 14129 | D:13     | Noticed a two-headed ogre
 14178 | D:12     | Killed a two-headed ogre
 14487 | D:13     | Noticed an eight-headed hydra
 14502 | D:13     | Killed an eight-headed hydra
 14645 | D:13     | Reached skill level 1 in Maces & Flails
 14656 | D:13     | Killed a two-headed ogre
 14776 | D:13     | Noticed a tengu warrior
 14814 | D:13     | Killed a tengu warrior
 14901 | D:13     | Noticed a deep troll earth mage
 14919 | D:13     | Killed a deep troll earth mage
 15018 | D:13     | Identified the ring of Cowardice {+Blink rPois Slay+2 SInv}
 15041 | D:13     | Noticed an eight-headed hydra
 15041 | D:13     | Noticed a yaktaur captain
 15053 | D:13     | Killed an eight-headed hydra
 15054 | D:13     | Reached skill level 5 in Maces & Flails
 15061 | D:13     | Killed a yaktaur captain
 15260 | D:13     | Noticed an ettin
 15439 | D:13     | Noticed a storm dragon
 15778 | Lair:1   | Entered Level 1 of the Lair of Beasts
 16297 | Lair:1   | Reached XP level 13. HP: 101/119 MP: 17/17
 16802 | Lair:2   | Found a hole to the Spider Nest.
 16981 | Lair:2   | Reached skill level 13 in Fighting
 17165 | Lair:2   | Identified the +1 pair of gloves of Cowardice {rF++ Int+3
                  | Slay-3} (Okawaru gifted it to you on level 2 of the Lair of
                  | Beasts)
 17165 | Lair:2   | Received a gift from Okawaru
 17366 | Lair:2   | Found a snail-covered altar of Cheibriados.
 17380 | Lair:2   | Noticed Harold
 17393 | Lair:2   | Killed Harold
 18225 | Lair:3   | Noticed Kirke
 18257 | Lair:3   | Killed Kirke
 18867 | Lair:3   | Identified the +3 great mace of Soops {freeze, Int+2 Dex+2}
                  | (Okawaru gifted it to you on level 3 of the Lair of Beasts)
 18867 | Lair:3   | Received a gift from Okawaru
 19755 | Lair:3   | Found a staircase to the Swamp.
 19869 | Lair:4   | Reached skill level 15 in Shields
 20066 | Lair:4   | Reached XP level 14. HP: 127/129 MP: 18/18
 20917 | Lair:4   | Received a gift from Okawaru
 21151 | Lair:4   | You are sucked into a shaft and drop 1 floor!
 21151 | Lair:5   | Entered Level 5 of the Lair of Beasts
 21287 | Lair:4   | Found a staircase to the Slime Pits.
 22139 | Lair:5   | Identified the +4 trident "Fugu" {freeze, rElec} (Okawaru
                  | gifted it to you on level 5 of the Lair of Beasts)
 22139 | Lair:5   | Received a gift from Okawaru
 22493 | Lair:5   | Reached skill level 10 in Invocations
 23301 | Lair:5   | Reached ****** piety under Okawaru
 23313 | Lair:5   | Identified the +7 broad axe of Fortitude {antimagic, Int+2}
                  | (Okawaru gifted it to you on level 5 of the Lair of Beasts)
 23313 | Lair:5   | Received a gift from Okawaru
 23371 | Lair:5   | Reached skill level 14 in Fighting
 23862 | Orc:1    | Entered Level 1 of the Orcish Mines
 24061 | Orc:1    | Found Tecys's Magic Scroll Boutique.
 24067 | Orc:1    | Bought a scroll of identify for 30 gold pieces
 24067 | Orc:1    | Bought a scroll of identify for 30 gold pieces
 24067 | Orc:1    | Bought a scroll of identify for 30 gold pieces
 24423 | Orc:1    | Reached XP level 15. HP: 136/138 MP: 7/22
 24546 | Orc:2    | Entered Level 2 of the Orcish Mines
 25452 | Orc:2    | Received a gift from Okawaru
 25704 | Orc:2    | Received a gift from Okawaru
 25855 | Orc:2    | Received a gift from Okawaru
 25887 | Orc:2    | Found a staircase to the Elven Halls.
 25983 | Orc:2    | Found Uschugycs's General Store.
 25983 | Orc:2    | Found Nosint Nootu's Weapon Emporium.
 25984 | Orc:2    | Found Mebroluc's Weapon Shoppe.
 25984 | Orc:2    | Found Jukeakoe's Book Emporium.
 26018 | Orc:2    | Bought a potion of heal wounds for 85 gold pieces
 26220 | D:13     | Found a gate to the Vaults.
 26731 | Swamp:1  | Entered Level 1 of the Swamp
 26890 | D:11     | Bought a shiny plate armour for 728 gold pieces
 27140 | Spider:1 | Entered Level 1 of the Spider Nest
 27143 | Spider:1 | Noticed Jorgrun
 27284 | Spider:1 | Reached skill level 10 in Armour
 27297 | Spider:1 | Killed Jorgrun
 27353 | Spider:1 | Noticed Mlioglotl
 27364 | Spider:1 | Killed Mlioglotl
 27989 | Spider:1 | Identified the +2 crystal plate armour of the End {rCorr}
                  | (Okawaru gifted it to you on level 1 of the Spider Nest)
 27989 | Spider:1 | Received a gift from Okawaru
 27995 | Spider:1 | Reached skill level 15 in Fighting
 28563 | Spider:2 | Reached skill level 16 in Fighting
 28849 | Spider:2 | Reached XP level 16. HP: 152/152 MP: 8/24
 29040 | Spider:2 | Reached skill level 17 in Fighting
 29608 | Spider:3 | Identified the +0 hand crossbow of Scuffed Punishment
                  | {freeze, rElec rPois rN++ Dex-5} (Okawaru gifted it to you
                  | on level 3 of the Spider Nest)
 29608 | Spider:3 | Received a gift from Okawaru
 29800 | Spider:3 | Reached skill level 18 in Fighting
 29831 | Spider:3 | Reached skill level 5 in Evocations
 29835 | Spider:3 | Reached skill level 5 in Dodging
 30836 | Spider:3 | Identified the +5 kite shield of Amorality {rC+ Will+
                  | Regen+} (Okawaru gifted it to you on level 3 of the Spider
                  | Nest)
 30836 | Spider:3 | Received a gift from Okawaru
 30931 | Spider:4 | Entered Level 4 of the Spider Nest
 30931 | Spider:4 | Noticed Yvvueqof's ghost (journeyman FeEn)
 31222 | Spider:4 | Found a runed translucent door.
 31276 | Spider:4 | Killed Yvvueqof's ghost
 31870 | Spider:4 | Reached skill level 10 in Dodging
 32049 | Spider:4 | Reached XP level 17. HP: 137/163 MP: 8/25
 32384 | Spider:4 | Got a gossamer rune of Zot
 32653 | Spider:4 | Received a gift from Okawaru
 33406 | Swamp:1  | Found a runed translucent door.
 33533 | Swamp:1  | Found a shimmering altar of Xom.
 33533 | Swamp:1  | Noticed Palms's ghost (adept DjCj)
 34073 | Swamp:1  | Reached skill level 19 in Fighting
 34088 | Swamp:1  | Killed Palms's ghost
 34681 | Swamp:2  | Identified the +0 pair of boots "Pafovaoq" {rElec Will+
                  | Str+7 Dex-4} (Okawaru gifted it to you on level 2 of the
                  | Swamp)
 34681 | Swamp:2  | Received a gift from Okawaru
 35222 | Swamp:2  | Identified the +1 leather armour of Sin {+Inv Str+9}
 35418 | Swamp:3  | Noticed Nikola
 35453 | Swamp:3  | Killed Nikola
 35793 | Swamp:3  | Reached skill level 20 in Fighting
 35980 | Swamp:3  | Found a frozen archway.
 36011 | IceCv    | Entered an ice cave
 36462 | IceCv    | Reached XP level 18. HP: 135/178 MP: 8/26
 36748 | IceCv    | Received a gift from Okawaru
 36862 | IceCv    | Identified the +6 dagger of the Mouth {flame, Str+3}
 36865 | IceCv    | Identified the +0 ice dragon scales of Ignis's Outrage
                  | {*Corrode rF- rC++ Str+8 Int-3}
 37459 | Swamp:3  | Found a runed translucent door.
 37460 | Swamp:3  | Found a shimmering altar of Xom.
 37460 | Swamp:3  | Noticed abessonov's ghost (adept SpHu)
 37483 | Abyss:3  | Cast into level 3 of the Abyss (+7 mace of Variability
                  | {chaos, chaos arc})
 37552 | Abyss:4  | Found a corrupted altar of Lugonu.
 37568 | Abyss:4  | Found a corrupted altar of Lugonu.
 37728 | Swamp:3  | Escaped the Abyss
 37750 | Swamp:3  | Killed abessonov's ghost
 38090 | Swamp:4  | Entered Level 4 of the Swamp
 39116 | Swamp:4  | Noticed Roxanne
 39196 | Swamp:4  | Killed Roxanne
 39307 | Swamp:4  | Noticed the 27-headed Lernaean hydra
 39418 | Swamp:4  | Killed the 27-headed Lernaean hydra
 39436 | Swamp:4  | Got a decaying rune of Zot
 40713 | D:15     | Entered Level 15 of the Dungeon
 41196 | D:15     | Found a staircase to the Depths.
 41645 | Vaults:1 | Entered Level 1 of the Vaults
 42212 | Vaults:1 | Identified the +3 broad axe "Kubaibye" {flame, Int+4 SInv}
                  | (Okawaru gifted it to you on level 1 of the Vaults)
 42212 | Vaults:1 | Received a gift from Okawaru
 42233 | Vaults:1 | Reached XP level 19. HP: 181/185 MP: 9/29
 42848 | Vaults:1 | Reached skill level 15 in Dodging
 42910 | Vaults:1 | Identified the scarf of the Chewing Gods {repulsion, rPois
                  | Str-3 Dex+3 Stlth+} (Okawaru gifted it to you on level 1 of
                  | the Vaults)
 42910 | Vaults:1 | Received a gift from Okawaru
 43102 | Vaults:1 | Noticed Norris
 43126 | Vaults:1 | Killed Norris
 43870 | Vaults:2 | Noticed Saint Roka
 44103 | Vaults:2 | Killed Saint Roka
 44104 | Vaults:2 | Reached skill level 10 in Evocations
 45634 | Vaults:2 | Reached skill level 15 in Armour
 46485 | Vaults:3 | Found Yxkileaf's Antique Weapon Shop.
 46491 | Vaults:3 | Received a gift from Okawaru
 46606 | Vaults:3 | Paralysed by a formless jellyfish for 1 turns
 46916 | Vaults:3 | Found a transporter.
 46916 | Vaults:3 | Found Diav Ufaso's Assorted Antiques.
 46938 | Vaults:3 | Found a transporter.
 46947 | Vaults:3 | Bought a scroll of enchant armour for 270 gold pieces
 47010 | Vaults:3 | Reached XP level 20. HP: 193/193 MP: 10/30
 47265 | Abyss:4  | Cast into level 4 of the Abyss (a deep elf sorcerer)
 47332 | Abyss:4  | Paralysed by accursed screaming for 1 turns
 47342 | Abyss:4  | Found a corrupted altar of Lugonu.
 47361 | Abyss:4  | Noticed an ancient lich
 47368 | Abyss:4  | HP: 9/193 [ancient lich/bolt of acid (23)]
 47372 | Abyss:4  | Found a corrupted altar of Lugonu.
 47629 | Abyss:4  | Found a corrupted altar of Lugonu.
 47643 | Abyss:4  | Noticed a bone dragon
 47652 | Abyss:4  | Found a corrupted altar of Lugonu.
 47653 | Abyss:4  | Found a corrupted altar of Lugonu.
 47685 | Abyss:4  | Noticed a dread lich
 47708 | Abyss:4  | Found a corrupted altar of Lugonu.
 47729 | Vaults:3 | Escaped the Abyss
 49200 | Vaults:3 | Received a gift from Okawaru
 49204 | Vaults:3 | Reached skill level 21 in Fighting
 49840 | Vaults:3 | Reached skill level 1 in Stealth
 49914 | Vaults:3 | Found a staircase to the Crypt.
 50466 | Vaults:4 | Reached skill level 5 in Stealth
 50941 | Vaults:4 | Found Foptymel's Armour Boutique.
 51405 | Vaults:4 | Identified the +6 short sword of the Middle {heavy, rC+
                  | Dex+3}
 52000 | Vaults:4 | Noticed Mennas
 52033 | Vaults:4 | Killed Mennas
 52033 | Vaults:4 | Received a gift from Okawaru
 52609 | Vaults:4 | Identified a scroll of acquirement
 52969 | Vaults:4 | Reached XP level 21. HP: 206/206 MP: 10/31
 53438 | Elf:1    | Entered Level 1 of the Elven Halls
 53441 | Elf:1    | Paralysed by an air elemental for 1 turns
 53616 | Elf:1    | Found Siuh Ogi's Book Shop.
 53657 | Elf:1    | Identified the +0 hat of Nuzear {-Tele Will+ Regen+ Str+4}
                  | (Okawaru gifted it to you on level 1 of the Elven Halls)
 53657 | Elf:1    | Received a gift from Okawaru
 54266 | Elf:1    | Reached skill level 22 in Fighting
 54436 | Elf:1    | Paralysed by an air elemental for 1 turns
 54479 | Elf:1    | Found Vickok's Assorted Antiques.
 54488 | Elf:1    | Bought a scroll of teleportation for 93 gold pieces
 54488 | Elf:1    | Bought a potion of curing for 93 gold pieces
 54489 | Elf:1    | Acquired the amulet of Plog {+Inv rF+ Will+ Regen+ Dex-3
                  | Stlth+}
 54819 | Elf:1    | Noticed Zenata
 54850 | Elf:1    | Killed Zenata
 54852 | Elf:1    | Paralysed by an air elemental for 1 turns
 54885 | Elf:1    | Found Rycoapn's Jewellery Emporium.
 55188 | Elf:1    | Got Mogg's Parchment of Misery
 55353 | Elf:1    | Found Voyhol's Distillery.
 55363 | Elf:1    | Bought a potion of curing for 45 gold pieces
 55363 | Elf:1    | Bought a potion of curing for 45 gold pieces
 55363 | Elf:1    | Bought a potion of might for 60 gold pieces
 55363 | Elf:1    | Bought a potion of curing for 45 gold pieces
 55997 | Elf:2    | Found a runed translucent gate.
 55997 | Elf:2    | Found a runed translucent gate.
 55998 | Elf:2    | Found a runed translucent gate.
 56668 | Elf:2    | Received a gift from Okawaru
 56833 | Elf:2    | Noticed Louise
 56890 | Elf:2    | Killed Louise
 56891 | Elf:2    | Reached skill level 23 in Fighting
 57144 | Elf:3    | Entered Level 3 of the Elven Halls
 57394 | Elf:3    | Found Jediss's Distillery.
 57402 | Elf:3    | Bought a potion of heal wounds for 80 gold pieces
 57402 | Elf:3    | Bought a potion of curing for 48 gold pieces
 57402 | Elf:3    | Bought a potion of might for 64 gold pieces
 57402 | Elf:3    | Bought a potion of haste for 160 gold pieces
 57619 | Elf:3    | Received a gift from Okawaru
 57772 | Elf:3    | Identified the ring of Suopioxt {Will+ rCorr Str+2}
 57863 | Elf:3    | Identified the +4 spear of Deigeg {heavy, rElec Dex+2
                  | Stlth-}
 57968 | Elf:3    | Found the +8 longbow "Zephyr" {speed, Dex+3 SInv}
 57974 | Elf:3    | Paralysed by an air elemental for 1 turns
 57979 | Elf:3    | Identified the +1 plate armour of the Grey Skies {rElec
                  | Stlth+}
 57985 | Elf:3    | Identified the +1 leather armour of Inevitability {Fly}
 57985 | Elf:3    | Identified the ring of Munkow Sasti {Ice Dex+2}
 57988 | Elf:3    | Identified the +9 war axe "Ogreslayer" {freeze, rF++ Int+5}
 57991 | Elf:3    | Identified the +6 falchion of the Baking Fool {antimagic,
                  | rC+}
 57991 | Elf:3    | Identified the +1 leather armour of Quogrerch {rPois rC+
                  | Dex+3}
 57996 | Elf:3    | Reached XP level 22. HP: 173/222 MP: 10/32
 57999 | Elf:3    | Identified the +1 rapier of Okawaru's Scorn {pain, rElec
                  | rF++}
 58025 | Elf:3    | Identified the +3 ring mail of the Okapi {Fly rF++ Str-3
                  | Stlth+}
 58055 | Elf:3    | Identified the +0 hand axe "Hubaymp" {heavy, rC+ rCorr
                  | Str+2}
 58063 | Elf:3    | Identified the +0 plate armour of the Valley {Slay+2
                  | Stlth+}
 58086 | Elf:3    | Identified the +1 leather armour "Zuxedy" {-Cast Rampage
                  | rF- rC+++}
 58532 | Depths:1 | Entered Level 1 of the Depths
 58533 | Depths:1 | Noticed a golden dragon
 58712 | D:14     | Reached skill level 24 in Fighting
 59127 | Depths:1 | Killed a golden dragon
 59281 | Depths:1 | Found a gateway to Hell.
 59307 | Depths:1 | Found a one-way gateway to a ziggurat.
 59360 | Depths:1 | Received a gift from Okawaru
 59596 | Depths:1 | Identified the +2 orcbow of the Apocalypse {drain, rPois
                  | rN+}
 60597 | Depths:2 | Reached skill level 25 in Fighting
 61122 | Depths:2 | Found a stormy altar of Qazlal.
 61245 | Depths:2 | Found a one-way gate to the infinite horrors of the Abyss.
 61414 | Depths:2 | Identified the +0 pair of boots "Cabo" {rPois} (Okawaru
                  | gifted it to you on level 2 of the Depths)
 61414 | Depths:2 | Received a gift from Okawaru
 61443 | Depths:2 | Found a one-way gate leading to the halls of Pandemonium.
 62395 | Depths:3 | Reached XP level 23. HP: 216/231 MP: 11/33
 62839 | Depths:4 | Entered Level 4 of the Depths
 63003 | Depths:4 | Found a gate to the Realm of Zot.
 64957 | Vaults:5 | Entered Level 5 of the Vaults
 65150 | Vaults:4 | HP: 3/236 [titan (55)]
 65484 | Vaults:4 | Identified the +10 great mace of the Blushing Bear {drain,
                  | rElec rN+++ Str-4 Stlth+} (Okawaru gifted it to you on
                  | level 4 of the Vaults)
 65484 | Vaults:4 | Received a gift from Okawaru
 65531 | Vaults:5 | Noticed an ancient lich
 65978 | Vaults:4 | Killed an ancient lich
 66073 | Vaults:5 | Identified the +6 battleaxe of Xegompuc {drain, rF- Str+3}
 66282 | Vaults:5 | Noticed a dread lich
 66297 | Vaults:5 | Killed a dread lich
 66317 | Vaults:5 | Received a gift from Okawaru
 66630 | Vaults:5 | Got a silver rune of Zot
 66893 | Vaults:5 | Identified the staff "Ruppiyl" {rElec Int+4 Air}
 67331 | Vaults:5 | Reached XP level 24. HP: 243/245 MP: 11/33
 67475 | Vaults:5 | Identified the ring of the Gloaming {rF+ Str+6 Int+3 Slay+3
                  | Stlth+}
 67485 | Vaults:5 | Identified the +0 robe of Foosur {Int+5}
 67948 | Crypt:1  | Entered Level 1 of the Crypt
 67998 | Crypt:1  | Identified the +4 kite shield "Dayw" {rC+ MP+9 Slay+3 SInv}
                  | (Okawaru gifted it to you on level 1 of the Crypt)
 67998 | Crypt:1  | Received a gift from Okawaru
 68295 | Crypt:1  | Identified the ring of Zueseum {Ice rN+ Will+ Str-4}
 68295 | Crypt:1  | Noticed Josephina
 68433 | Crypt:1  | Killed Josephina
 69060 | Crypt:2  | Identified the +0 cloak of Weightlessness {*Slow rF++
                  | Str+3}
 70056 | Crypt:2  | Identified the +0 chain mail of Toqoff {rN+ Str+4 Dex-3
                  | Stlth+}
 70116 | Crypt:3  | Entered Level 3 of the Crypt
 70458 | Crypt:3  | Noticed Xtahua
 70476 | Crypt:3  | Killed Xtahua
 70589 | Crypt:3  | Found an ancient bone altar of Kikubaaqudgha.
 71094 | Crypt:3  | Identified the amulet "Gimeanku" {RegenMP +Blink Int+5}
 71977 | Crypt:3  | Received a gift from Okawaru
 72369 | Crypt:3  | Found a staircase to the Tomb.
 73353 | Slime:1  | Entered Level 1 of the Pits of Slime
 73637 | Hell     | Entered the Vestibule of Hell
 73637 | Hell     | Noticed Geryon
 73671 | Hell     | Noticed Murray
 73802 | Depths:1 | Killed Murray
 74072 | Depths:2 | Reached skill level 15 in Invocations
 74700 | Hell     | Reached XP level 25. HP: 235/248 MP: 11/33
 74701 | Hell     | Identified the quicksilver dragon scales of the Will of the
                  | Gods {Harm rC- Will+ Str+2 Int+2} (Okawaru gifted it to you
                  | in the Vestibule of Hell)
 74701 | Hell     | Received a gift from Okawaru
 74857 | Hell     | Killed Geryon
 75206 | Hell     | Found a gateway to the decaying netherworld of Tartarus.
 75266 | Hell     | Found a gateway to the ashen valley of Gehenna.
 75397 | Hell     | Found a gateway to the Iron City of Dis.
 75477 | Geh:1    | Entered Level 1 of Gehenna
 76047 | Hell     | Found a gateway to the freezing wastes of Cocytus.
 78182 | Zot:1    | Entered Level 1 of the Realm of Zot
 78192 | Depths:4 | Received a gift from Okawaru
 78627 | Depths:4 | HP: 4/160 [yellow draconian annihilator/poison arrow[a
                  | purple draconian shifter] (13)]
 78628 | Depths:4 | Succumbed to a yellow draconian annihilator's poison arrow

Illustrated notes

Levels and vault maps discovered:
D:1:      scummos_arrival_star, layout_loops_ring,
          chequers_serial_rivers_large_a, st_stairs_7
D:2:      layout_loops_ring
D:3:      layout_loops_corners, shapermc_ecumenical_altar_totnotflames,
          amcnicky_mini_rare_corridor_liquid, minmay_puff, uniq_sigmund,
          uniq_natasha
D:4:      layout_basic, tso_oasis_becter,
          nicolae_dithmenos_through_a_glass_darkly, minmay_temple_entry_statues,
          kennysheep_cross_room
D:5:      wander_river, layout_basic, uniq_edmund, uniq_eustachio
D:6:      cheibrodos_quashed, layout_rooms, mainiacjoe_overflow_paths,
          kennysheep_path_1, kennysheep_generic_room_7, uniq_jeremiah
D:7:      layout_loops_ring, gammafunk_ghost_necromancy, uniq_joseph
D:8:      layout_cave_pods, general_overflow_altar, kennysheep_mini,
          nicolae_alphabet_shops, uniq_prince_ribbit1
D:9:      layout_rooms, xom_teletrap_fun, lemuel_crystal_altar
D:10:     layout_rooms, lair_entry_dummy, uniq_maurice, uniq_erica
D:11:     layout_irregular_city, orc_0_dummy, serial_shops, shop, uniq_nergalle
D:12:     layout_roguey, serial_glass, glass_columns_a, glass_columns_b
D:13:     minmay_box_of_curves, layout_basic, david_vaults_1, uniq_erolcha
D:14:     layout_roguey, minivault_25, hangedman_ranch
D:15:     hangedman_depths_entry_civil_slaughter, layout_irregular_city,
          serial_park_avenue1
Temple:   nicolae_temple_bog_church
Lair:1:   layout_regular_city
Lair:2:   layout_cave_pods, spider_nest_entry_webs, basic_altar,
          gauntlet_entry_generic, special_room [special_room_bee], uniq_harold
Lair:3:   layout_gridlike, palyth_hydra_swamp_entry, minmay_holes,
          lemuel_fruit_fields, uniq_kirke
Lair:4:   layout_small_grid, slime_entry_1, serial_bayou_shore_b,
          grunt_megastairs_5
Lair:5:   hangedman_lair_caniforms_friends, layout_gridlike,
          guppyfry_lair_end_dragon, grunt_forest_large_clearings,
          grunt_megastairs_4
Swamp:1:  layout_falls_marsh, ebering_ghost_xom, evilmike_swamp_ruin_house_4,
          cheibrodos_swamp_witchery
Swamp:2:  layout_falls_marsh, evilmike_swamp_ruin_house_6
Swamp:3:  layout_falls_marsh, portal_ice_cave_entry_ugly_swarm,
          ebering_ghost_xom, serial_swamp_ruin, evilmike_swamp_ruin_house_5,
          evilmike_swamp_ruin_house_2, evilmike_swamp_ruin_rubble_2,
          swamp_pool2, nicolae_swamp_spriggan_camp, infiniplex_staircase_pool,
          uniq_nikola
Swamp:4:  grunt_swamp_rune_castle, layout_basic_swamp,
          infiniplex_staircase_pool_2, uniq_roxanne
Spider:1: layout_spider_delve, drop_trap, uniq_mlioglotl, uniq_jorgrun
Spider:2: layout_spider_delve
Spider:3: layout_cave_pods, drop_trap
Spider:4: hellmonk_spider_rune_endless_swarm, hellmonk_ghost_happy_afterlife
Slime:1:  layout_caves
Orc:1:    layout_diamond_mine, serial_shops, nicolae_shop_hallway_stairs,
          hangedman_minor_magic
Orc:2:    st_orc_pillars, layout_diamond_mine, basic_altar
Elf:1:    nicolae_elf_arrival_aired_out, layout_gridlike, serial_shops, shop,
          shop, shop, shop, minmay_elf_necromancy, minivault_19, uniq_zenata
Elf:2:    elven_hall_of_blades_hangedman_original
          [nicolae_blade_entry_sentries_behind_glass], layout_onion_city,
          uniq_louise
Elf:3:    elf_hall, layout_geoelf_octagon, serial_shops, shop,
          grunt_ministairs_9
Vaults:1: nicolae_vaults_back_hallway, nicolae_vaults_doubleplus_tesselated,
          v_rooms_2, vaults_mumra_minichess, v_misc_2,
          nicolae_vaults_storage_closets_1, nicolae_vaults_storage_closets_2,
          serial_ice_h, nicolae_vaults_diagonal_hallway_9,
          vaults_room_semicircle, nicolae_vaults_tetromino_T_1,
          layout_vaults_maze_bifur, uniq_norris
Vaults:2: nicolae_vaults_offset_grid_hallway_1, ontoclasm_vaults_misaligned,
          vaults_mumra_chevron, ontoclasm_vaults_decontamination,
          nicolae_vaults_house_1, nicolae_vaults_stand_back,
          hangedman_vaults_locks, nicolae_vaults_little_squares_4,
          vaults_room_fancy_cross, nicolae_vaults_ring_of_whatevers,
          nicolae_vaults_mini_display_case, dpeg_vaults_monster_box,
          layout_vaults_omnibox, uniq_saint_roka
Vaults:3: nicolae_vaults_wrenched, hangedman_vaults_cutoff,
          nicolae_vaults_trapezoid_lopsided_3,
          nicolae_vaults_shipping_containers_4, nicolae_vaults_rhombus_5,
          v_misc_1, minmay_crypt_entry_skeletal_spiral,
          nicolae_vaults_closet_pinwheel_3, nicolae_vaults_little_ls,
          ontoclasm_vaults_bender, ontoclasm_vaults_eye, layout_vaults_omnigrid,
          serial_shops, nicolae_shop_waterfront, nicolae_shop_drivethru
Vaults:4: nicolae_vaults_door_testing_chamber, st_octagons_1, v_pattern_2,
          nicolae_vaults_offset_grid_hallway_4, grunt_vaults_funnel,
          nicolae_vaults_bisected_slash, vaults_room_mumra_shop_pool,
          serial_ice_m, vaults_mumra_hexcomb, hangedman_vaults_stream,
          vaults_room_corners, vaults_dpeg_ring,
          nicolae_vaults_little_squares_4, layout_vaults_ring, uniq_mennas
Vaults:5
Crypt:1:  layout_rooms, item_on_display_b, grunt_crypt_arrival_guarded_gate,
          uniq_josephina
Crypt:2:  layout_chaotic_city, palyth_stone_intersect, corner_web_ring,
          minmay_misc_feat_ornament
Crypt:3:  grunt_crypt_end_deaths_head, uniq_xtahua
Depths:1: layout_gridlike, enter_ziggurat_c, mu_enter_wizlab_7,
          minmay_misc_feat_more_columns, pf_coc_iceberg,
          chequers_serial_rivers_small_a, fountainhead, evilmike_ambush
          [evilmike_ambush_outer_pillars, evilmike_ambush_inner_basic]
Depths:2: kennysheep_water_balloons, layout_basic, grunt_pan_entry_zigzag,
          abyss_entry, nicolae_qazlal_eye_of_the_storm, hell_entry,
          solitary_fountain, dreamdust_wishing_well, grunt_decor_resistance,
          nrook_kobold_shadow_demons
Depths:3: four-leaf_vault, layout_cave_pools, abyss_entry_small_statue_room,
          hangedman_decor_points, grunt_mini_vestibule
Depths:4: evilmike_zot_entry_argh, layout_small_grid, pan_entry, serial_sigils,
          serial_sigils_hangedman_shear, serial_sigils_hangedman_stare,
          serial_sigils_hangedman_shear, serial_sigils_hangedman_quiver,
          serial_sigils_hangedman_shear, hell_entry
Hell
Geh:1:    layout_gehenna_pools_triple
Geh:2:    layout_gehenna_pools_box
Geh:3:    layout_gehenna_lava_caves
Geh:4:    layout_gehenna_lava_caves
Geh:5:    layout_gehenna_lava_caves
Zot:1:    kennysheep_ambush_hall, layout_onion_interference

Skill      XL: |  1  2  3  4  5  6  7  8  9 10 11 12 13 14 15 16 17 18 19 20 21 22 23 24 25 |
---------------+----------------------------------------------------------------------------+-----
Armour         | 4 5 7 8 10 11 14 15 16 20 | 20.0
Fighting       | 4 6 8 10 11 12 13 14 16 18 20 21 23 25 | 25.8
Axes           | 3 4 5 7 8 10 11 13 14 16 17 20 24 | 24.9
Shields        | 4 8 10 15 16 17 20 | 20.0
Evocations     | 2 3 4 6 7 10 11 | 11.2
Dodging        | 1 4 10 14 16 20 | 20.6
Invocations    | 1 2 4 6 11 12 13 14 15 18 | 18.6
Maces & Flails | 8 |  8.0
Stealth        | 7 |  7.9

Action                     |  1- 3 |  4- 6 |  7- 9 | 10-12 | 13-15 | 16-18 | 19-21 | 22-24 | 25-27 || total
---------------------------+-------+-------+-------+-------+-------+-------+-------+-------+-------++-------
  Melee: War axe           |    94 |    71 |   203 |   367 |   736 |       |       |       |       ||  1471
         Headbutt          |     7 |    14 |    30 |    98 |   354 |   461 |   555 |   697 |   186 ||  2402
         Whip              |       |       |       |    73 |    57 |   202 |       |       |       ||   332
         Flail             |       |       |       |     9 |       |       |       |       |       ||     9
         Broad axe         |       |       |       |       |   611 |  1377 |  2008 |  1544 |   571 ||  6111
         Trishula          |       |       |       |       |       |       |       |   800 |       ||   800
 Invoke: Heroism           |       |       |     3 |     6 |     2 |     3 |     4 |     2 |     1 ||    21
         Finesse           |       |       |       |     5 |     6 |    12 |    13 |    14 |     4 ||    54
Ability: Evoke Blink       |       |       |       |       |       |       |     2 |     5 |     1 ||     8
    Use: Scroll            |       |     6 |     2 |    15 |    13 |    12 |    18 |     8 |     1 ||    75
         Potion            |       |       |     1 |     7 |     3 |     2 |    19 |    13 |     2 ||    47
   Stab: Petrified         |       |       |       |       |     8 |       |       |       |       ||     8
         Sleeping          |       |       |       |       |       |       |     1 |     2 |       ||     3
         Distracted        |       |       |       |       |       |       |       |     1 |     1 ||     2
 Armour: Scale mail        |    41 |    35 |       |       |       |       |       |       |       ||    76
         Chain mail        |       |     3 |    88 |    14 |       |       |       |       |       ||   105
         Plate armour      |       |       |       |   152 |   396 |   630 |   496 |   959 |   222 ||  2855
  Dodge: Dodged            |    47 |    44 |    70 |   105 |   199 |   344 |   450 |   747 |   114 ||  2120
  Block: Buckler           |    18 |    20 |    35 |    18 |       |       |       |       |       ||    91
         Kite shield       |       |       |       |   157 |   183 |       |   374 |  1038 |       ||  1752
         Tower shield      |       |       |       |       |  1200 |  1997 |  1652 |  1147 |   574 ||  6570

Table legend: (Time is in decaauts)
 A = Elapsed time spent in this place.
 B = Non-inter-level travel time spent in this place.
 C = Inter-level travel time spent in this place.
 D = Time resting spent in this place.
 E = Time spent auto-exploring this place.
 F = Levels seen in this place.
 G = Mean time per level.
                   A        B        C        D        E       F      G
               +--------+--------+--------+--------+--------+-----+--------+
         Total |  76557 |  71835 |   4722 |  21572 |  28874 |  58 | 1319.9 |
       Dungeon |  18908 |  17310 |   1598 |   5126 |   8526 |  15 | 1260.5 |
        Temple |     65 |     51 |     14 |      0 |      0 |   1 |   65.0 |
          Lair |   8770 |   7862 |    908 |   2296 |   3688 |   5 | 1754.0 |
         Swamp |   5238 |   5069 |    169 |   1929 |   1857 |   4 | 1309.5 |
   Spider Nest |   5534 |   5311 |    223 |   1368 |   2434 |   4 | 1383.5 |
    Slime Pits |      1 |      1 |      0 |      0 |      0 |   1 |    1.0 |
  Orcish Mines |   2620 |   2412 |    208 |    813 |    869 |   2 | 1310.0 |
   Elven Halls |   4458 |   4293 |    165 |    604 |   1686 |   3 | 1486.0 |
        Vaults |  14542 |  13781 |    761 |   5002 |   4783 |   5 | 2908.4 |
         Crypt |   4435 |   4226 |    209 |   1122 |   1267 |   3 | 1478.3 |
        Depths |   7002 |   6646 |    356 |   2005 |   2449 |   4 | 1750.5 |
          Hell |   1333 |   1323 |     10 |    541 |    224 |   1 | 1333.0 |
       Gehenna |   1759 |   1664 |     95 |    361 |    547 |   5 |  351.8 |
           Zot |     45 |     45 |      0 |      0 |      0 |   1 |   45.0 |
         Abyss |    692 |    692 |      0 |    136 |      0 |   3 |  230.7 |
      Ice Cave |   1149 |   1149 |      0 |    267 |    544 |   1 | 1149.0 |
               +--------+--------+--------+--------+--------+-----+--------+

Top non-repeatable levels by time:
Vaults:4: 3995 daAuts
Vaults:3: 3790 daAuts
Vaults:2: 2894 daAuts
 Crypt:3: 2605 daAuts
    D:13: 2480 daAuts
  Lair:3: 2305 daAuts
Vaults:1: 2229 daAuts
Depths:1: 2097 daAuts
Depths:4: 2075 daAuts
Spider:3: 1922 daAuts
     D:7: 1906 daAuts
  Lair:5: 1877 daAuts
   Elf:2: 1853 daAuts
  Lair:2: 1780 daAuts
 Swamp:3: 1752 daAuts
